Map: Pilares de oro EE

Players

MrFercho

  • Race: Zerg Zerg
  • League: Gold
  • Spawn Location: 1:00

Notmee - Winner!

  • Race: Protoss Protoss
  • League: Gold
  • Spawn Location: 7:00

VOD

Have the link to the VOD?

Description

Time

  • Played on: July 21, 2020, 8:29 p.m.
  • Length: 14:05
Show
View Real Time Build Order
Export as new Build Order

MrFercho Zerg 

Build Orders: Hatch First, Lurkers 

Get SALT Encoding   

  12  0:02  Drone  
  13  0:16  Overlord  
  13  0:18  Drone  
  14  0:35  Drone x2  
  16  0:55  Hatchery, Drone  
  16  0:59  Drone  
  16  1:03  Drone  
  18  1:13  Extractor  
  17  1:20  Spawning Pool  
  17  1:21  Drone  
  17  1:25  Drone  
  18  1:33  Drone  
  19  1:47  Overlord  
  19  2:00  Drone  
  20  2:07  Queen  
  20  2:08  Queen  
  24  2:10  Zergling x4  
  26  2:23  Drone x2  
  26  2:27  Metabolic Boost  
  26  2:29  Drone x2  
  30  2:38  Drone  
  30  2:40  Drone  
  32  2:49  Overlord  
  32  2:53  Drone  
  32  2:54  Queen  
  35  3:06  Drone  
  35  3:08  Drone  
  37  3:22  Evolution Chamber  
  36  3:27  Drone x2  
  36  3:28  Drone x6  
  36  3:29  Baneling Nest  
  43  3:48  Zerg Melee Weapons Level 1  
  43  3:56  Evolution Chamber  
  42  4:04  Zergling x4  
  42  4:05  Overlord x2  
  42  4:06  Overlord  
  44  4:15  Extractor  
  43  4:18  Extractor  
  42  4:35  Zerg Missile Weapons Level 1  
  42  4:37  Zergling x2  
  42  4:38  Zergling x8  
  47  4:47  Drone x2  
  49  5:00  Spore Crawler  
  49  5:05  Spore Crawler  
  47  5:13  Overlord x2  
  47  5:19  Lair  
  47  5:35  Drone x11  
  54  5:39  Hatchery  
  54  5:41  Hatchery  
  56  6:19  Spore Crawler  
  55  6:35  Hydralisk Den, Drone x10  
  64  6:46  Hatchery  
  63  6:48  Spore Crawler  
  63  6:50  Extractor, Drone x2  
  63  6:51  Drone  
  64  6:58  Pneumatized Carapace  
  64  7:05  Zerg Missile Weapons Level 2  
  64  7:06  Zerg Ground Armor Level 1  
  64  7:08  Centrifical Hooks  
  64  7:10  Hydralisk x4  
  64  7:11  Hydralisk  
  74  7:39  Extractor x2  
  74  7:40  Zergling x22  
  74  7:41  Zergling x8  
  87  7:52  Drone  
  87  7:53  Overlord x3  
  87  7:54  Overlord x4  
  88  8:02  Spine Crawler  
  87  8:07  Spine Crawler  
  87  8:09  Baneling x6  
  81  8:35  Drone x9  
  81  8:36  Drone x10  
  100  8:52  Infestation Pit  
  99  8:57  Lurker Den  
  98  9:04  Spire  
  98  9:06  Zerg Ground Armor Level 2  
  97  9:11  Grooved Spines  
  97  9:43  Drone x3  
  97  9:44  Drone x19  
  119  10:02  Lurker x5  
  119  10:06  Hive  
  124  10:07  Hydralisk x9  
  124  10:08  Hydralisk  
  144  10:21  Hydralisk x3  
  144  10:22  Muscular Augments  
  144  10:24  Overlord x6  
  147  10:53  Hydralisk x2  
  147  10:54  Hydralisk x10  
  154  11:02  Extractor  
  154  11:03  Extractor  
  151  11:13  Hydralisk x2  
  151  11:14  Hydralisk x4  
  122  11:33  Zergling x8  
  122  11:34  Zergling x28  
  121  11:43  Zergling x2  
  121  11:44  Zergling x2  
  96  12:04  Hydralisk x10  
  81  12:26  Corruptor x4  
  81  12:27  Zergling x2  
  81  12:28  Zergling x8  
  52  13:07  Overseer  
  52  13:23  Zergling x32  
  52  13:24  Zergling x18  
  76  13:30  Hatchery  
Show
View Real Time Build Order
Export as new Build Order

Notmee Protoss - Winner!

Build Orders: 1 Gate Expand, Colossus Rush 

Get SALT Encoding   

  12  0:01  Probe  
  13  0:13  Probe  
  14  0:20  Pylon  
  14  0:25  Probe  
  15  0:34  Probe  
  16  0:44  Gateway  
  16  0:48  Probe  
  16  0:55  Assimilator  
  17  0:58  Probe  
  18  1:06  Probe  
  19  1:14  Probe  
  20  1:26  Probe  
  21  1:38  Cybernetics Core  
  21  1:41  Nexus  
  21  1:50  Pylon  
  21  1:55  Probe  
  22  2:02  Assimilator  
  22  2:07  Probe  
  25  2:08  Zealot  
  25  2:20  Gateway  
  25  2:23  Probe  
  25  2:28  Stalker  
  26  2:30  Warp Gate  
  26  2:35  Probe  
  29  2:48  Probe  
  29  2:50  Pylon  
  30  2:53  Probe  
  31  3:00  Probe  
  31  3:01  Probe  
  33  3:05  Stalker  
  33  3:09  Sentry  
  33  3:12  Probe  
  37  3:16  Robotics Facility  
  37  3:19  Probe  
  38  3:24  Probe  
  39  3:31  Probe  
  40  3:36  Stalker, Probe  
  43  3:43  Stalker, Probe  
  47  3:48  Probe  
  47  3:50  Pylon  
  47  3:53  Probe  
  48  4:00  Probe  
  48  4:01  Probe  
  49  4:05  Observer  
  49  4:09  Probe  
  51  4:12  Probe  
  53  4:21  Assimilator, Probe  
  54  4:24  Probe  
  55  4:33  Probe, Nexus  
  56  4:39  Pylon  
  56  4:41  Probe  
  57  4:45  Probe  
  57  4:47  Stalker x2  
  62  4:56  Immortal  
  62  4:57  Probe  
  63  5:05  Robotics Bay  
  67  5:16  Gateway  
  67  5:18  Gateway, Probe x2  
  67  5:19  Twilight Council  
  69  5:25  Assimilator  
  69  5:28  Probe  
  70  5:40  Probe x2  
  70  5:41  Pylon  
  70  5:43  Pylon  
  70  5:45  Pylon  
  70  5:47  Pylon  
  72  5:51  Probe x2  
  72  5:54  Colossus  
  74  5:57  Stalker x2  
  74  6:02  Probe  
  74  6:03  Extended Thermal Lance, Probe  
  80  6:09  Probe  
  80  6:10  Probe  
  87  6:15  Charge, Assimilator, Probe  
  89  6:19  Assimilator  
  89  6:21  Probe  
  90  6:27  Probe  
  90  6:30  Probe  
  92  6:33  Probe  
  92  6:38  Nexus  
  92  6:39  Pylon  
  93  6:42  Pylon, Templar Archives  
  93  6:43  Probe x2  
  95  6:49  Forge  
  95  6:52  Zealot x3  
  95  6:53  Zealot  
  103  7:07  Pylon x2, Probe x2  
  103  7:08  Probe  
  106  7:09  Pylon  
  106  7:11  Pylon  
  106  7:17  Stalker x3, Protoss Ground Weapons Level 1  
  106  7:19  Probe  
  113  7:23  Colossus  
  113  7:25  Probe  
  113  7:26  Probe  
  121  7:44  Zealot x2  
  121  7:45  Zealot x2  
  129  8:13  Gateway  
  129  8:16  Gateway  
  129  8:17  Gateway  
  129  8:20  Gateway  
  127  8:31  High Templar x2  
  127  8:32  High Templar x2  
  129  8:53  Robotics Facility  
  129  8:54  Colossus, Nexus  
  135  8:56  Pylon  
  135  8:59  Pylon  
  135  9:01  Assimilator  
  135  9:03  Assimilator  
  135  9:06  Assimilator, Zealot x4  
  135  9:08  Zealot  
  145  9:11  Zealot x2  
  149  9:27  Zealot  
  149  9:28  Zealot x5  
  161  9:39  Zealot  
  161  9:41  Observer  
  164  9:56  Pylon  
  164  9:57  Gateway x2  
  164  9:58  Pylon  
  164  10:00  Photon Cannon  
  164  10:01  Gateway  
  164  10:04  Zealot x3  
  170  10:07  High Templar x3  
  170  10:08  High Templar x2  
  170  10:13  Photon Cannon  
  180  10:14  Photon Cannon  
  180  10:15  Shield Battery  
  180  10:16  Photon Cannon  
  180  10:17  Photon Cannon  
  180  10:19  Photon Cannon  
  180  10:24  Photon Cannon  
  180  10:28  Photon Cannon  
  180  10:35  Archon x2  
  180  10:45  Zealot x4  
  180  10:46  Stalker, Zealot  
  180  10:47  Stalker x2  
  182  11:07  High Templar x5  
  182  11:11  Archon x2  
  192  11:20  Probe x3  
  192  11:25  Probe  
  169  11:28  Probe x2  
  169  11:32  Probe  
  149  11:33  Probe  
  149  11:36  Probe  
  149  11:38  Zealot  
  149  11:39  Zealot x7  
  156  11:40  Zealot  
  156  11:44  Probe  
  152  11:56  Archon x2  
  152  12:07  High Templar x4  
  152  12:08  High Templar x2  
  152  12:09  Zealot x2  
  152  12:10  Zealot x3  
  152  12:12  Colossus x2  
  160  12:22  Nexus  
  166  12:23  Gateway, Pylon  
  166  12:24  Gateway  
  166  12:28  Psionic Storm  
  148  12:51  Zealot x5  
  148  12:52  Zealot x5  
  156  13:02  Archon x3  
  152  13:08  Zealot  
  152  13:10  Colossus x2  
  166  13:35  High Templar x8  
  166  13:36  Zealot x3  
  166  13:39  Zealot x2  
  166  13:40  Archon  
  166  13:41  Archon x3  
  192  13:45  Shield Battery  
Tags
 
Composition
Lurkers
League
GoldGold
Matchup
PvZ
Replay Pack
MrFercho
Spawn Locations
Cross Positions
Add a new tag
Caveats
  • Supply blocks, unpowered buildings, or Contaminate may cause inaccurate times.
  • Supply counts are checked every 10 seconds.